 Dungeon Crawl Stone Soup version 0.27.1-1-g398f81649c (webtiles) character file.

Game seed: 8273767472460591511

252 dracomuter the Magician (level 5, -5/35 HPs)
             Began as a Mummy Hedge Wizard on Sept 19, 2021.
             Killed from afar by an orc wizard (10 damage)
             ... with a puff of flame
             ... on level 3 of the Dungeon.
             The game lasted 00:11:14 (3779 turns).

dracomuter the Magician (Mummy Hedge Wizard)        Turns: 3779, Time: 00:11:15

Health: -5/35      AC:  2    Str: 13    XL:     5   Next: 89%
Magic:  3/11       EV: 12    Int: 21    God:
Gold:   72         SH:  0    Dex: 11    Spells: 4/12 levels left

rFire    x . .     SeeInvis .   a - +0 dagger
rCold    + . .     Faith    .   (no shield)
rNeg     + + +     Spirit   .   b - +0 robe
rPois    ∞         Reflect  .   c - +0 hat
rElec    .         Harm     .   (no cloak)
rCorr    .         Rampage  .   (no gloves)
Will     .....                  (no boots)
Stlth    ++........             (no amulet)
HPRegen  0.11/turn              k - +6 ring of intelligence
MPRegen  0.12/turn              (no ring)

@: no status effects
A: cold resistance 1, negative energy resistance 3, torment resistance 2, heat
vulnerability 1, no potions
a: no special abilities


You were on level 3 of the Dungeon.
You visited 1 branch of the dungeon, and saw 3 of its levels.

You collected 72 gold pieces.

Inventory:

Hand Weapons
 a - a +0 dagger (weapon)
 i - a +0 whip
Missiles
 h - 14 poisoned darts
 l - 49 sling bullets
Armour
 b - a +0 robe (worn)
 c - a +0 hat (worn)
 n - a +1 scale mail of willpower
Jewellery
 k - a +6 ring of intelligence (left hand)
Wands
 m - a wand of polymorph (7)
Scrolls
 d - a scroll of acquirement
 e - a scroll of blinking {unknown}
 f - a scroll of identify
 g - a scroll of silence {unknown}
 o - a scroll of brand weapon {unknown}


   Skills:
 - Level 1.5 Dodging
 - Level 1.5 Stealth
 - Level 4.0 Spellcasting
 + Level 3.5 Conjurations
 - Level 0.7 Summonings
 - Level 0.7 Translocations
 + Level 2.1 Air Magic
 + Level 2.1 Poison Magic


You had 4 spell levels left.
You knew the following spells:

 Your Spells              Type           Power      Damage    Failure   Level
a - Magic Dart            Conj           72%        1d6       2%          1
b - Blink                 Tloc           N/A        N/A       14%         2
c - Mephitic Cloud        Conj/Pois/Air  15%        N/A       12%         3
m - Call Imp              Summ           7%         N/A       14%         2

Your spell library contained the following spells:

 Spells                   Type           Power      Damage    Failure   Level
 Conjure Flame            Conj/Fire      11%        6-21      17%         3
 Slow                     Hex            4%         N/A       19%         2


Dungeon Overview and Level Annotations

Branches:
Dungeon (3/15)

Altars:
Xom

Shops:
D:1 (

Annotations:
D:3 3 runed translucent doors, bignoob's ghost, amateur TrCj


Innate Abilities, Weirdness & Mutations

You are immune to poison.
Your flesh is cold resistant. (rC+)
You are immune to negative energy. (rN+++)
You are immune to unholy pain and torment.
You are vulnerable to heat. (rF-)
You do not drink.


Message History

You bump into the rock wall.
You bump into the rock wall.
You feel less confused.
An orc comes into view. It is wielding a +0 dagger.
The orc shouts!
You hear a shout! x2
An orc comes into view. It is wielding a +4 mace.
You hear a shout!
You hit something.
You hear some strange, mumbled words.
Something tries to affect you, but you resist.
You closely miss something. Something hits you.
As you read the scroll labelled OHIM YDIHIE, it crumbles to dust.
You feel a surge of unholy energy.
Something is bathed in an unholy light!
The orc convulses! x2; It was a scroll of torment.
You hear some strange, mumbled words.
A puff of flame appears from out of thin air!
The puff of flame hits you! The fire burns you terribly!
* * * LOW HITPOINT WARNING * * *
The orc closely misses you.
As you read the scroll of torment, it crumbles to dust.
You feel a surge of unholy energy.
The orc convulses! x2; Something hits you.
* * * LOW HITPOINT WARNING * * *
The orc hits you with a +4 mace.
* * * LOW HITPOINT WARNING * * *
Unknown command.
Unknown command.
Unknown command.
As you read the scroll labelled SAEGOH HEAJ, it crumbles to dust.
It is a scroll of identify.
d - a scroll of acquirement An orc comes into view.
It is wielding a +0 hand axe.
Something hits you.
* * * LOW HITPOINT WARNING * * *
The orc misses you.
As you read the scroll of torment, it crumbles to dust.
You feel a surge of unholy energy.
The orc convulses! x3
You hear some strange, mumbled words.
A puff of flame appears from out of thin air!
The puff of flame hits you! The fire burns you terribly!
You die...

#.# #.# #.# #.#
#######.##############
..................{..#
####.#...##.###.###).#
#........# #{# #..#
#.#...##.###@###..#
#.##.####.oo##....# #
#.# #..###.#.##
.....o..# #.#.#
##'#####.# #.#.# ..
#.. ....# #####.###
#.# o..


You could see 3 orcs.

Vanquished Creatures
  An orc priest (D:3)
  Natasha (thrice) (D:2)
  2 orc wizards (D:3)
  4 adders (D:2)
  A worm (D:2)
  3 dart slugs
  5 orcs (D:3)
  6 bats
  5 endoplasms
  2 giant cockroaches
  A hobgoblin (D:3)
  3 kobolds (D:1)
  3 quokkas
  5 ball pythons
  4 frilled lizards
  2 goblins (D:1)
  9 rats
59 creatures vanquished.

Vanquished Creatures (others)
  A withered plant (D:1)
1 creature vanquished.

Grand Total: 60 creatures vanquished

Notes
Turn   | Place    | Note
-------+----------+-------------------------------------------
     0 | D:1      | dracomuter the Mummy Hedge Wizard began the quest for the
                  | Orb.
     0 | D:1      | Reached XP level 1. HP: 13/13 MP: 5/5
    22 | D:1      | Reached skill level 1 in Conjurations
   341 | D:1      | Reached XP level 2. HP: 19/19 MP: 5/7
   383 | D:1      | Learned a level 2 spell: Blink
   387 | D:1      | Found a faded altar of an unknown god.
  1346 | D:1      | Found Joaful's Weapon Emporium.
  1379 | D:1      | Reached XP level 3. HP: 24/24 MP: 5/8
  1758 | D:1      | Learned a level 3 spell: Mephitic Cloud
  1829 | D:1      | Learned a level 2 spell: Call Imp
  1960 | D:2      | Noticed Natasha
  1985 | D:2      | Killed Natasha
  1986 | D:2      | Reached XP level 4. HP: 30/30 MP: 1/10
  2069 | D:2      | Noticed Natasha
  2332 | D:2      | Reached skill level 1 in Poison Magic
  2334 | D:2      | Reached skill level 1 in Air Magic
  2442 | D:2      | Killed Natasha
  2642 | D:2      | Found a shimmering altar of Xom.
  2726 | D:2      | Noticed Natasha
  2734 | D:2      | Killed Natasha
  2735 | D:2      | Reached XP level 5. HP: 25/35 MP: 2/11
  3133 | D:3      | Found a runed translucent gate.
  3133 | D:3      | Found a runed translucent gate.
  3133 | D:3      | Found a runed translucent gate.
  3671 | D:3      | Noticed bignoob's ghost (amateur TrCj)
  3778 | D:3      | Identified a scroll of acquirement
  3779 | D:3      | Killed from afar by an orc wizard

Illustrated notes

Levels and vault maps discovered:
D:1:      lemuel_arrival_lava_pool, layout_basic, serial_shops,
          nicolae_shop_trees, ebering_ecumenical_altar_petrified,
          minmay_hedge_maze
D:2:      layout_rooms, basic_altar, uniq_natasha
D:3:      layout_loops_corners, gammafunk_ghost_icy

Skill      XL: |  1  2  3  4  5 |
---------------+----------------+-----
Conjurations   | 1 2 3 |  3.5
Poison Magic   | 1 2 |  2.1
Air Magic      | 1 2 |  2.1
Dodging        | |  1.5
Stealth        | |  1.5
Spellcasting   | |  4.0
Summonings     | |  0.7
Translocations | |  0.7

Action                   |  1- 3 |  4- 6 || total
-------------------------+-------+-------++-------
Melee: Dagger            |    18 |    45 ||    63
 Cast: Magic Dart        |    90 |    79 ||   169
       Mephitic Cloud    |     1 |     8 ||     9
       Call Imp          |     1 |       ||     1
  Use: Scroll            |       |     4 ||     4
Armor: Robe              |    13 |     3 ||    16
Dodge: Dodged            |    20 |    24 ||    44
